 Dungeon Crawl Stone Soup version 0.22.1-2-g9c5b331 (webtiles) character file.

58 shamaniam the Digger (level 4, -7/24 HPs)
             Began as a Gargoyle Earth Elementalist on Nov 21, 2018.
             Mangled by Sigmund
             ... wielding a +0 scythe
              (11 damage)
             ... on level 3 of the Dungeon.
             The game lasted 00:07:07 (1662 turns).

shamaniam the Digger (Gargoyle Earth Elementalist)  Turns: 1662, Time: 00:07:07

Health: -7/24      AC:  6    Str: 11    XL:     4   Next: 1%
Magic:  0/7        EV: 12    Int: 17    God:
Gold:   114        SH:  0    Dex: 10    Spells: 3/8 levels left

rFire    . . .     SeeInvis .   n - +0 falchion (holy)
rCold    . . .     Gourm    .   (no shield)
rNeg     + . .     Faith    .   c - +0 robe
rPois    ∞         Spirit   .   j - +0 helmet
rElec    +         Reflect  .   (no cloak)
rCorr    .         Harm     .   (no gloves)
MR       .....                  (no boots)
Stlth    +++.......             (no amulet)
HPRegen  0.08/turn              i - ring of stealth
MPRegen  0.10/turn              (no ring)

@: no status effects
A: negative energy resistance 1, electricity resistance, unbreathing,
petrification resistance, rot immunity, AC +3
a: no special abilities


You were on level 3 of the Dungeon.
You were hungry.

You visited 1 branch of the dungeon, and saw 3 of its levels.

You collected 114 gold pieces.

Inventory:

Hand Weapons
 n - a +0 falchion of holy wrath (weapon)
Missiles
 b - 61 stones (quivered)
Armour
 c - a +0 robe (worn)
 j - a +0 helmet (worn)
Jewellery
 i - a ring of stealth (left hand)
Scrolls
 a - a scroll of blinking {unknown}
 e - 3 scrolls of identify {unknown}
 f - a scroll of teleportation {unknown}
 g - a scroll of enchant weapon {unknown}
 m - a scroll of magic mapping {unknown}
Potions
 h - a potion of heal wounds {unknown}
 k - 2 potions of mutation {unknown}
 l - a potion of haste {unknown}
Comestibles
 d - 6 rations


   Skills:
 + Level 0.9 Fighting
 - Level 2.1 Dodging
 - Level 2.6 Stealth
 + Level 2.5 Spellcasting
 + Level 0.0 Conjurations
 + Level 0.7 Summonings
   Level 0.7 Transmutations
 * Level 4.2 Earth Magic


You had 3 spell levels left.
You knew the following spells:

 Your Spells              Type           Power        Failure   Level  Hunger
a - Sandblast             Erth           ###...       3%          1    #......
b - Summon Small Mammal   Summ           #...         14%         1    #......
c - Stone Arrow           Conj/Erth      #.....       24%         3    ###....

Your spell library contained the following spells:

 Spells                   Type           Power        Failure   Level  Hunger
 Passwall                 Tmut/Erth      ##......     10%         2    ##.....
 Animate Skeleton         Necr           N/A          19%         1    #......
 Apportation              Tloc           #.....       19%         1    #......
 Confusing Touch          Hex            #.....       19%         1    #......
 Petrify                  Tmut/Erth      ##......     54%         4    #####..
 Lee's Rapid Deconstruct  Erth           ###.......   65%         5    ######.


Dungeon Overview and Level Annotations

Branches:
Dungeon (3/15)

Altars:
Okawaru

Annotations:
D:3 Sigmund


Innate Abilities, Weirdness & Mutations

You are resistant to torment.
Your stone body is resilient. (AC +3)
You are immune to poison.
You resist negative energy. (rN+)
You are resistant to electric shocks. (rElec)
You can survive without breathing.
You are immune to petrification.
You are immune to rotting.


Message History

Press: ? - help, Shift-Dir - straight line, f/p - Sigmund
Aim: Sigmund, wielding a scythe and wearing a robe (severely wounded)
The blast of sand hits Sigmund.
Sigmund is almost dead.
b - 62 stones Sigmund closely misses you.
Casting: Sandblast (safe; 3% risk of failure)
Confirm with . or Enter, or press ? or * to list all spells.
Aiming: Sandblast (safe; 3% risk of failure)
Press: ? - help, Shift-Dir - straight line, f/p - Sigmund
Aim: Sigmund, wielding a scythe and wearing a robe (almost dead)
The blast of sand misses Sigmund.
b - 61 stones Sigmund mumbles some strange words.
Sigmund flickers and vanishes!
Deactivating autopickup; reactivate with Ctrl-A.
Something hits you!
* * * LOW HITPOINT WARNING * * *
You barely miss something. Something hits you!
You die...

#########.#
#######..@{.....#
........#########
#######.######
.######........#
..........####.#
######.#.# #
#.#.# #. #.#.# .#
.### #.#.## #.#
...


There were no monsters in sight!

Vanquished Creatures
  Natasha (D:3)
  An adder (D:2)
  3 bats (D:1)
  3 giant cockroaches (D:1)
  5 hobgoblins
  A quokka (D:2)
  2 frilled lizards (D:2)
  3 goblins
  A kobold (D:2)
  5 rats
25 creatures vanquished.

Notes
Turn   | Place    | Note
-------+----------+-------------------------------------------
     0 | D:1      | shamaniam the Gargoyle Earth Elementalist began the quest
                  | for the Orb.
     0 | D:1      | Reached XP level 1. HP: 10/10 MP: 3/3
   400 | D:1      | Reached XP level 2. HP: 15/15 MP: 5/5
   927 | D:2      | Learned a level 1 spell: Summon Small Mammal
  1036 | D:2      | Reached skill level 4 in Earth Magic
  1075 | D:2      | Reached XP level 3. HP: 16/20 MP: 0/6
  1361 | D:2      | Found an iron altar of Okawaru.
  1567 | D:3      | Noticed Natasha
  1576 | D:3      | Killed Natasha
  1576 | D:3      | Reached XP level 4. HP: 19/24 MP: 4/7
  1604 | D:3      | Learned a level 3 spell: Stone Arrow
  1652 | D:3      | Noticed Sigmund
  1662 | D:3      | Mangled by Sigmund

Skill      XL: |  1  2  3 |
---------------+----------+-----
Earth Magic    | 4 |  4.2
Dodging        | 2 |  2.1
Fighting       | |  0.9
Stealth        | |  2.6
Spellcasting   | |  2.5
Summonings     | |  0.7
Transmutations | |  0.7

Action                   |  1- 3 |  4- 6 || total
-------------------------+-------+-------++-------
Melee: Mace              |    46 |       ||    46
       Unarmed           |     7 |       ||     7
       Falchion          |     1 |     1 ||     2
 Cast: Sandblast         |    16 |     8 ||    24
 Stab: Sleeping          |    10 |       ||    10
  Eat: Chunk             |     2 |       ||     2
Armor: Robe              |    31 |       ||    31
Dodge: Dodged            |    60 |     3 ||    63
